 Dungeon Crawl Stone Soup version 0.30-a0-570-g486de37d69 (webtiles) character file.

Game seed: 13840242773195671524

105119 Bnni the Marksant (level 16, -2/101 (129) HPs)
             Began as a Formicid Hexslinger on Dec 29, 2022.
             Was the Champion of Dithmenos.
             Slain by a starcursed mass (3 damage)
             ... summoned by Mlioglotl
             ... on level 1 of the Snake Pit.
             The game lasted 01:10:55 (29087 turns).

Bnni the Marksant (Formicid Hexslinger)            Turns: 29087, Time: 01:10:55

HP:   -2/101 (129)  AC: 25    Str: 16 (17) XL:     16   Next: 94%
MP:   8/23          EV:  9    Int: 17 (18) God:    Dithmenos [******]
Gold: 1754          SH: 13    Dex: 15 (18) Spells: 1/25 levels left

rFire   . . .      SeeInvis +    a - +9 longbow (flame)
rCold   + + .      Faith    +    C - +0 kite shield
rNeg    + + +      Spirit   .    Q - +8 ice dragon scales of Wotwas {+Blink rElec rF- rC++ rCorr Int+3}
rPois   ∞          Reflect  .    (helmet unavailable)
rElec   +          Harm     .    A - +0 cloak
rCorr   +          Rampage  .    G - +2 pair of gloves {hurl}
Will    ∞                        L - +1 pair of boots
Stlth   x                          - amulet of faith
HPRegen 0.36/turn                s - ring of protection from fire
MPRegen 0.18/turn                E - +4 ring of slaying

@: shadow-form, portalling projectiles, wreathed by umbra, studying 2 skills,
heavily drained, invisible
A: shadow resist, half damage, bleed smoke, invisible, permanent stasis, dig
shafts and tunnels, antennae 3, four strong arms
a: Dig, Shaft Self, End Transformation, Renounce Religion, Shadow Step, Shadow
Form


You were on level 1 of the Snake Pit.
You worshipped Dithmenos.
Dithmenos was exalted by your worship.
You were a swirling mass of dark shadows.
You visited 5 branches of the dungeon, and saw 24 of its levels.
You also visited: Ice Cave.

You collected 2872 gold pieces.
You spent 1118 gold pieces at shops.

Inventory:

Hand Weapons
 a - a +9 longbow of flaming (weapon)
Missiles
 k - 2 curare-tipped darts
Armour
 A - a +0 cloak (worn)
 C - a +0 kite shield (worn)
 G - a +2 pair of gloves of hurling (worn)
 L - a +1 pair of boots (worn)
 Q - the +8 ice dragon scales of Wotwas (worn) {+Blink rElec rF- rC++ rCorr Int+3}
   (You found it in an ice cave)

   Int:       It affects your intelligence (+3).
   rF:        It makes you vulnerable to fire.
   rC:        It greatly protects you from cold.
   rElec:     It insulates you from electricity.
   +Blink:    It lets you blink.
   rCorr:     It protects you from acid and corrosion.
Jewellery
 s - a ring of protection from fire (left hand)
 x - an amulet of faith (around neck)
 D - a ring of flight
 E - a +4 ring of slaying (right hand)
 J - a ring of positive energy
Wands
 u - a wand of paralysis (18)
 v - a wand of roots (27)
 H - a wand of flame (25)
Scrolls
 b - 7 scrolls of poison
 c - 5 scrolls of immolation
 f - a scroll of summoning
 g - 4 scrolls of fog
 l - 4 scrolls of amnesia
 m - 7 scrolls of enchant armour
 o - a scroll of vulnerability
 t - a scroll of silence
 y - 5 scrolls of magic mapping
 M - 2 scrolls of brand weapon
 O - 2 scrolls of enchant weapon
Potions
 h - 2 potions of resistance
 i - 3 potions of might
 j - 5 potions of curing
 n - a potion of degeneration
 q - 4 potions of lignification
 r - 7 potions of flight
 z - a potion of cancellation
 B - 3 potions of mutation
 F - 5 potions of haste {unknown}
 I - 2 potions of brilliance {unknown}
 K - 2 potions of berserk rage {unknown}
 N - 5 potions of ambrosia


   Skills:
 + Level 12.9 Fighting
 * Level 16.6 Ranged Weapons
 * Level 3.9 Armour
 - Level 1.7 Dodging
 - Level 15.0 Shields
 - Level 5.0 Spellcasting
 * Level 16.0 Hexes
 + Level 7.3 Translocations
 - Level 7.0 Transmutations
 - Level 3.0 Fire Magic
 + Level 9.0 Invocations


You had one spell level left.
You knew the following spells:

 Your Spells              Type           Power      Damage    Failure   Level
a - Slow                  Hex            56%        N/A       1%          1
b - Inner Flame           Hex/Fire       9%         N/A       6%          3
c - Portal Projectile     Hex/Tloc       20%        N/A       2%          3
d - Cause Fear            Hex            7%         N/A       1%          4
e - Enfeeble              Hex            7%         N/A       75%         7
f - Passage of Golubria   Tloc           7%         N/A       45%         4
w - Wereblood             Tmut           7%         N/A       9%          2

Your spell library contained the following spells:

 Spells                   Type           Power      Damage    Failure   Level
 Beastly Appendage        Tmut           14%        N/A       5%          1
 Magic Dart               Conj           4%         1d3       69%         1
 Dazzling Flash           Conj/Hex       14%        N/A       11%         3
 Anguish                  Hex/Necr       3%         N/A       36%         4
 Manifold Assault         Tloc           7%         N/A       45%         4
 Spider Form              Tmut/Pois      4%         N/A       56%         3
 Ignite Poison            Fire/Tmut/Pois 3%         N/A       61%         3
 Silence                  Hex/Air        3%         N/A       71%         5
 Summon Mana Viper        Hex/Summ       7%         N/A       71%         5
 Call Imp                 Summ           1%         N/A       83%         2
 Cigotuvi's Dreadful Rot  Necr/Pois/Air  2%         N/A       83%         2
 Poisonous Vapours        Pois/Air       2%         N/A       83%         2
 Mephitic Cloud           Conj/Pois/Air  1%         N/A       96%         3
 Flame Wave               Conj/Fire      2%         2d4       99%         4
 Sticky Flame             Conj/Fire      2%         2d3       99%         4
 Summon Forest            Summ/Tloc      2%         N/A       99%         5
 Olgreb's Toxic Radiance  Pois           1%         N/A       100%        4
 Agony                    Necr           1%         N/A       100%        5
 Freezing Cloud           Conj/Ice/Air   0%         6-21      100%        5
 Simulacrum               Ice/Necr       0%         N/A       100%        6
 Summon Cactus Giant      Summ           0%         N/A       100%        6
 Ozocubu's Refrigeration  Ice            0%         4d7       100%        7
 Storm Form               Tmut/Air       2%         N/A       100%        7
 Ignition                 Fire           1%         3d3       100%        8
 Lehudib's Crystal Spear  Conj/Erth      0%         10d2      100%        8
 Polar Vortex             Ice            0%         N/A       100%        9
 Blink                    Tloc           Unusable   N/A       N/A         2

Dungeon Overview and Level Annotations

Branches:
Dungeon (15/15)            Temple (1/1) D:7            Lair (5/5) D:9
 Shoals (0/4) Lair:3        Snake (1/4) Lair:2        Slime (0/5) Lair:5
    Orc (2/2) D:9             Elf (0/3) Orc:2         IceCv (visited)
 Vaults: D:13-14     Depths: D:15

Altars:
Ashenzari
Cheibriados
Dithmenos
Elyvilon
Fedhas
Gozag
Hepliaklqana
Kikubaaqudgha
Makhleb
Nemelex Xobeh
Okawaru
Qazlal
Ru
Sif Muna
Trog
Uskayaw
Vehumet
Wu Jian
Xom
Yredelemnul
Zin
The Shining One
Jiyva

Shops:
D:4 ?!   D:7 (   D:9 [(*   D:12 ?   D:13 :([**   Orc:2 =(([*

Annotations:
D:4 1 runed translucent door
D:12 4 transporters
Snake:1 Mlioglotl


Innate Abilities, Weirdness & Mutations

You are a swirling mass of dark shadows.
You are immune to unholy torment and to willpower attacks.
Damage taken is halved, but you are drained when taking damage.
Your attacks are insubstantial and do half damage.
You bleed smoke when taking damage.
You are invisible.
You are immune to poison.
Your spellcasting is less reliable in this form.
You cannot be hasted, slowed, berserked, paralysed or teleported.
You can dig through walls and to a lower floor.
You have a pair of large antennae on your head. (SInv)
Your four strong arms can wield two-handed weapons with a shield.


Message History

* * * LOW HITPOINT WARNING * * *
You emit a cloud of dark smoke.
You feel drained.
Fire: a) +9 longbow (flame)
Press: ? - help, Shift-Dir - straight line, f/p - Mlioglotl
Aim: Mlioglotl (black smoke, almost dead, strong, unable to see you, umbra, 87% to hit)
You magically shoot an arrow.
The arrow hits Mlioglotl.
The arrow burns Mlioglotl.
Mlioglotl is almost dead.
The thrashing horror roars!
You block the air elemental's attack. Mlioglotl hits you!
* * * LOW HITPOINT WARNING * * *
You emit a cloud of dark smoke.
You feel drained. You block Mlioglotl's attack.
The naga mage hits you from afar with a +0 halberd.
* * * LOW HITPOINT WARNING * * *
You emit a cloud of dark smoke.
You feel drained.
The air elemental hits you but does no damage.
Mlioglotl closely misses you. Mlioglotl tramples you.
* * * LOW HITPOINT WARNING * * *
You emit a cloud of dark smoke.
You feel drained.
You stumble backwards!
A starcursed mass splits.
You block the air elemental's attack.
Okay, then.
Fire: a) +9 longbow (flame)
Press: ? - help, Shift-Dir - straight line, f/p - Mlioglotl
Aim: Mlioglotl (black smoke, almost dead, strong, unable to see you, umbra, 87% to hit)
You magically shoot an arrow.
The arrow hits Mlioglotl!
The arrow burns Mlioglotl.
Mlioglotl is almost dead.
The thrashing horror roars!
You block the air elemental's attack.
Mlioglotl churns violently!
Mlioglotl corrupts the dungeon around him!
You block the air elemental's attack.
A deafening chorus of shrieks assaults your mind!
* * * LOW HITPOINT WARNING * * *
You emit a cloud of dark smoke.
You feel drained.
The bone dragon bites you but does no damage.
The bone dragon closely misses you.
The bone dragon tramples you but does no damage.
The starcursed mass touches you.
You die...

............##...(.....
....).....#...........#
......)..##............
.......................
.......<÷.X............
....>###÷X#............
........X).§#.........#
. ....#.§XXX.....##..#
.....§XWD§.{...###
......§EXX§{.....#
......§§NX§......#
...#...§§§N{XX.###.
....#.#............#
#..........#{...##..
##(.>.#...#..{...#
##......#...{#..#
#####....###...##


You could see a bone dragon (summoned), 7 starcursed masses, Mlioglotl (strong,
unable to see you), a thrashing horror (summoned, wandering, unable to see you),
a large abomination (summoned, wandering, unable to see you), a naga mage (fast)
and an air elemental (summoned).

Vanquished Creatures
  An azure jelly (IceCv)
  Aizul (Snake:1)
  2 orc warlords
  4 quicksilver oozes (IceCv)
  Nessos (D:13)
  Josephine (Orc:2)
  A catoblepas (Lair:5)
  2 ogre magi (Orc:2)
  7 hydras
  Erica (D:8)
  5 two-headed ogres
  2 anacondas
  6 boulder beetles
  4 centaur warriors
  A naga warrior (Snake:1)
  6 death yaks
  4 orc high priests (Orc:2)
  A naga sharpshooter (Snake:1)
  A shock serpent (Lair:2)
  A naga ritualist (Lair:2)
  2 lindwurms (Lair:5)
  A wizard (D:9)
  7 cyclopes
  2 salamanders (Snake:1)
  6 manticores
  An ugly thing (D:13)
  6 orc sorcerers
  4 centaur zombies (D:10)
  3 naga magi
  4 elephants
  An ice statue (IceCv)
  16 black mambas
  Maggie (D:8)
  A black mamba (shapeshifter) (D:12)
  4 gargoyles
  A guardian serpent (Snake:1)
  12 cane toads
  Psyche (D:8)
  13 komodo dragons
  2 efreet
  5 rime drakes
  A kobold demonologist (D:11)
  An unseen horror zombie (D:10)
  A tengu conjurer (D:13)
  14 trolls
  A wind drake (Lair:3)
  21 polar bears
  A raiju (Lair:5)
  8 slime creatures
  22 blink frogs
  10 wraiths
  Sigmund (D:4)
  46 yaks
  2 shadows
  6 wyverns
  5 basilisks
  An unseen horror simulacrum (D:9)
  A hog (shapeshifter) (D:13)
  2 steam dragons
  10 vampire mosquitoes
  The ghost of Bnni the Vexing, an amateur FoHs (D:4)
  A death yak simulacrum (Orc:1)
  12 wargs
  An acid dragon (shapeshifter) (D:12)
  2 nagas (Snake:1)
  A water moccasin (shapeshifter) (D:9)
  16 hell hounds (Lair:5)
  14 water moccasins
  4 acid dragons
  An ice beast (D:7)
  26 orc warriors
  8 ogres
  21 black bears
  2 great orb of eyes simulacra (IceCv)
  30 wolves
  A phantom (D:6)
  12 centaurs
  3 slime creature simulacra (IceCv)
  10 bullfrogs
  4 necrophages
  Blork the orc (D:4)
  4 scorpions
  A glowing shapeshifter simulacrum (IceCv)
  2 gnoll sergeants
  2 two-headed ogre simulacra (Orc:1)
  3 wights
  3 jellies
  6 killer bees
  A howler monkey (D:9)
  A human zombie (D:10)
  3 hounds
  9 orc priests
  2 gnoll boudas (D:9)
  2 shapeshifter simulacra (IceCv)
  Terence (D:1)
  25 orc wizards
  2 troll simulacra (Orc:1)
  A wolf simulacrum (Orc:1)
  2 mummies (D:10)
  8 adders
  25 gnolls
  2 naga simulacra (Orc:1)
  2 shadow imps
  An ufetubus (D:5)
  3 worms
  A dart slug (D:4)
  52 orcs
  4 endoplasms
  6 giant cockroaches
  7 goblins
  3 hobgoblins
  4 jackals (D:1)
  6 quokkas
  9 ball pythons
  3 bats
  3 frilled lizards (D:1)
  5 kobolds
  6 rats
690 creatures vanquished.

Vanquished Creatures (others)
  An orc warrior (Orc:2)
  A bush (Lair:5)
  39 fungi
  50 plants
91 creatures vanquished.

Grand Total: 781 creatures vanquished

Notes
Turn   | Place    | Note
-------+----------+-------------------------------------------
     0 | D:1      | Bnni the Formicid Hexslinger began the quest for the Orb.
     0 | D:1      | Reached XP level 1. HP: 15/15 MP: 2/2
   179 | D:1      | Reached XP level 2. HP: 18/21 MP: 3/3
   447 | D:1      | Reached XP level 3. HP: 26/26 MP: 5/5
   451 | D:1      | Learned a level 3 spell: Inner Flame
   884 | D:2      | Noticed Terence
  1041 | D:1      | Killed Terence
  1042 | D:1      | Reached XP level 4. HP: 27/32 MP: 0/6
  1179 | D:2      | Reached skill level 1 in Fire Magic
  1406 | D:2      | Reached XP level 5. HP: 38/38 MP: 5/7
  1718 | D:2      | Learned a level 4 spell: Cause Fear
  2597 | D:4      | Reached skill level 5 in Hexes
  2597 | D:4      | Reached XP level 6. HP: 45/45 MP: 5/9
  2632 | D:4      | Found a runed translucent door.
  2669 | D:4      | Noticed Blork the orc
  2691 | D:4      | Killed Blork the orc
  2855 | D:4      | Found a sacrificial altar of Ru.
  2984 | D:4      | Found a hide-covered altar of Uskayaw.
  3079 | D:4      | Found Usaoph's Magic Scroll Shop.
  3081 | D:4      | Noticed Sigmund
  3091 | D:4      | Killed Sigmund
  3092 | D:4      | Reached XP level 7. HP: 39/52 MP: 6/11
  3341 | D:4      | Found a shimmering altar of Xom.
  3366 | D:4      | Found Evyis's Distillery.
  3652 | D:4      | Found a runed translucent door.
  3653 | D:4      | Noticed Bnni's ghost (amateur FoHs)
  3664 | D:4      | Killed Bnni's ghost
  3665 | D:4      | Reached XP level 8. HP: 59/59 MP: 8/12
  3699 | D:4      | Reached skill level 5 in Ranged Weapons
  4024 | D:5      | Entered Level 5 of the Dungeon
  4125 | D:5      | Learned a level 3 spell: Portal Projectile
  4140 | D:5      | Got the Discourse on the Assassin
  4697 | D:5      | Reached skill level 1 in Translocations
  4935 | D:5      | Reached XP level 9. HP: 14/66 MP: 0/13
  5641 | D:6      | Found an ancient bone altar of Kikubaaqudgha.
  5642 | D:6      | Found a blossoming altar of Fedhas.
  5689 | D:6      | Reached skill level 5 in Fighting
  5860 | D:6      | Found a sparkling altar of Nemelex Xobeh.
  6063 | D:7      | Learned a level 2 spell: Wereblood
  6065 | D:7      | Found Emoxadd's Weapon Shoppe.
  6261 | D:7      | Reached skill level 1 in Transmutations
  6677 | D:7      | Found a staircase to the Ecumenical Temple.
  6683 | Temple   | Entered the Ecumenical Temple
  6882 | Temple   | Became a worshipper of Dithmenos the Shadowed
  7142 | D:7      | Found an opulent altar of Gozag.
  7339 | D:8      | Found the +18 Lear's hauberk
  7381 | D:8      | Noticed Erica
  7395 | D:8      | Killed Erica
  7396 | D:8      | Reached XP level 10. HP: 73/76 MP: 1/14
  7403 | D:8      | Noticed Maggie
  7415 | D:8      | Killed Maggie
  7544 | D:8      | Noticed a two-headed ogre
  7573 | D:8      | Killed a two-headed ogre
  7708 | D:8      | Noticed Psyche
  7717 | D:8      | Killed Psyche
  7813 | D:8      | Found a glowing golden altar of the Shining One.
  8119 | D:8      | Reached * piety under Dithmenos
  8308 | D:8      | Found an iron altar of Okawaru.
  8573 | D:9      | Noticed a wizard
  8583 | D:9      | Killed a wizard
  8584 | D:9      | Reached skill level 10 in Ranged Weapons
  8584 | D:9      | Reached skill level 10 in Hexes
  8584 | D:9      | Reached XP level 11. HP: 77/84 MP: 12/15
  8804 | D:9      | Reached skill level 1 in Shields
  9481 | D:9      | Found Riach's Weapon Shop.
  9481 | D:9      | Found a staircase to the Orcish Mines.
  9503 | D:9      | Found Qitsunuo's Armour Shop.
  9519 | D:9      | Bought a +0 cloak for 58 gold pieces
  9700 | D:9      | Found a staircase to the Lair.
  9800 | D:9      | Found Pumih's General Store.
  9806 | D:9      | Reached ** piety under Dithmenos
  9947 | D:9      | Noticed a two-headed ogre
  9958 | D:9      | Killed a two-headed ogre
 10162 | D:9      | Reached skill level 5 in Shields
 10530 | D:9      | Noticed a boulder beetle
 10546 | D:9      | Killed a boulder beetle
 10643 | D:9      | Noticed a manticore
 10652 | D:9      | Killed a manticore
 10966 | D:9      | Identified the +2 leather armour of the Blessed Realm {Harm
                  | rF+}
 10973 | D:9      | Reached XP level 12. HP: 85/94 MP: 18/18
 11230 | D:9      | Noticed a boulder beetle
 11289 | D:9      | Killed a boulder beetle
 11469 | D:9      | Noticed a centaur warrior
 11478 | D:9      | Killed a centaur warrior
 11793 | D:9      | Noticed a boulder beetle
 11804 | D:9      | Reached skill level 5 in Spellcasting
 11808 | D:9      | Noticed a boulder beetle
 11809 | D:9      | Identified the +1 quarterstaff of Extremism {heavy, *Noise
                  | Str+6 Stlth+}
 11823 | D:9      | Killed a boulder beetle
 11918 | D:9      | Killed a boulder beetle
 12273 | D:10     | Entered Level 10 of the Dungeon
 12442 | D:10     | Reached *** piety under Dithmenos
 12744 | D:10     | Found a basalt altar of Yredelemnul.
 12772 | D:10     | Reached skill level 10 in Shields
 13096 | D:10     | Found a radiant altar of Vehumet.
 14448 | D:12     | Found Ahenio's Magic Scroll Emporium.
 14586 | D:12     | Found a transporter.
 14729 | D:12     | Found a transporter.
 15012 | D:12     | Found a transporter.
 15042 | D:12     | Reached XP level 13. HP: 86/103 MP: 8/20
 15076 | D:12     | Reached skill level 5 in Transmutations
 15102 | D:12     | Reached skill level 10 in Fighting
 15568 | D:12     | Reached skill level 1 in Invocations
 15629 | D:12     | Reached **** piety under Dithmenos
 16128 | D:12     | Found a transporter.
 16368 | D:13     | Found Demui's Weapon Shoppe.
 16387 | D:13     | Learned a level 4 spell: Passage of Golubria
 16391 | D:13     | Noticed a centaur warrior
 16395 | D:13     | Killed a centaur warrior
 16491 | D:13     | Found Suko Fak's Armour Boutique.
 16494 | D:13     | Bought a +1 pair of boots for 138 gold pieces
 16548 | D:13     | Noticed a centaur warrior
 16553 | D:13     | Killed a centaur warrior
 16616 | D:13     | Found Cuwkiown's General Store.
 16622 | D:13     | Bought a +1 longbow of draining for 224 gold pieces
 16678 | D:13     | Noticed an entropy weaver
 16680 | D:13     | an entropy weaver changed into a hog
 16765 | D:13     | Noticed Nessos
 16774 | D:13     | Killed Nessos
 16963 | D:13     | Found Diycs's General Store.
 16968 | D:13     | Bought a scroll of enchant weapon for 135 gold pieces
 17290 | D:13     | Found Nuischu's Book Shoppe.
 17296 | D:13     | Bought a book of Maledictions for 338 gold pieces
 17609 | D:14     | Noticed a centaur warrior
 17614 | D:14     | Killed a centaur warrior
 17617 | D:14     | Noticed a rakshasa
 17628 | D:14     | You fall into a shaft and drop 1 floor!
 17628 | D:15     | Entered Level 15 of the Dungeon
 17927 | Lair:1   | Entered Level 1 of the Lair of Beasts
 18220 | Lair:1   | Reached ***** piety under Dithmenos
 18265 | Lair:1   | Reached XP level 14. HP: 97/113 MP: 21/21
 18996 | Lair:2   | Reached skill level 5 in Invocations
 20197 | Lair:2   | Found a staircase to the Snake Pit.
 20203 | Lair:2   | Identified the +8 chain mail of Pathos {-Cast rPois rC+++
                  | Int-4}
 20568 | Lair:3   | Reached skill level 5 in Translocations
 20783 | Lair:3   | Reached ****** piety under Dithmenos
 21084 | Lair:3   | Found a staircase to the Shoals.
 21503 | Lair:3   | Reached skill level 15 in Ranged Weapons
 21816 | Lair:4   | Reached XP level 15. HP: 120/120 MP: 22/22
 21844 | Lair:4   | Learned a level 7 spell: Enfeeble
 22585 | Lair:4   | Found an ancient bone altar of Kikubaaqudgha.
 22843 | Lair:5   | Entered Level 5 of the Lair of Beasts
 24510 | Lair:5   | Reached skill level 15 in Hexes
 24510 | Lair:5   | Reached XP level 16. HP: 101/128 MP: 23/23
 24584 | Lair:5   | Identified the +8 morningstar "Fiosuo" {pain, rPois rF+
                  | rC++ Dex-3}
 25151 | Lair:5   | Found a viscous altar of Jiyva.
 25151 | Lair:5   | Found a staircase to the Slime Pits.
 25347 | Orc:1    | Entered Level 1 of the Orcish Mines
 25448 | Orc:1    | Found a frozen archway.
 25678 | IceCv    | Entered an ice cave
 26089 | IceCv    | Found a viscous altar of Jiyva.
 26089 | IceCv    | Noticed an azure jelly
 26096 | IceCv    | Killed an azure jelly
 26154 | IceCv    | Identified the +8 ice dragon scales of Wotwas {+Blink rElec
                  | rF- rC++ rCorr Int+3}
 26672 | Orc:2    | Entered Level 2 of the Orcish Mines
 26696 | Orc:2    | Reached skill level 1 in Armour
 26938 | Orc:2    | Found Betuach's Antique Weapon Emporium.
 26974 | Orc:2    | Noticed Josephine
 26982 | Orc:2    | Killed Josephine
 27242 | Orc:2    | Found Tauwod's Jewellery Emporium.
 27358 | Orc:2    | Found Coxzyex's Antique Armour Shop.
 27363 | Orc:2    | Found a staircase to the Elven Halls.
 27366 | Orc:2    | Bought a pair of glowing gloves for 225 gold pieces
 27386 | Orc:2    | Found Tigeudil's General Store.
 27483 | Orc:2    | Found Fiob's Weapon Emporium.
 27963 | Snake:1  | Entered Level 1 of the Snake Pit
 29011 | Snake:1  | Noticed Aizul
 29045 | Snake:1  | Killed Aizul
 29050 | Snake:1  | Reached skill level 15 in Shields
 29053 | Snake:1  | Noticed Mlioglotl
 29082 | Snake:1  | Noticed a bone dragon
 29087 | Snake:1  | HP: 1/104 [starcursed mass/accursed screaming[Mlioglotl]
                  | (6)]
 29087 | Snake:1  | Slain by a starcursed mass

Illustrated notes

Levels and vault maps discovered:
D:1:      heliophobic_arrival_battle_scene, layout_loops_ring
D:2:      layout_rooms, uniq_terence
D:3:      layout_loops_ring
D:4:      layout_basic, nicolae_uskayaw_murder_on_the_dancefloor,
          kennysheep_mini, nicolae_ru_great_annihilating_truth, serial_shops,
          nicolae_diamond_shop, kennysheep_little_box, ebering_ghost_sewer_f,
          uniq_blork_the_orc, uniq_sigmund
D:5:      layout_cave_pods
D:6:      layout_loops_ring, nemelex_diamond_rough_becter,
          grunt_temple_overflow_growth_and_decay
D:7:      layout_loops_ring, kennysheep_mini_moat, temple_green, serial_shops,
          shop
D:8:      layout_loops_cross, kennysheep_okawaru_gauntlet,
          mainiacjoe_overflow_brackets, serial_glass, glass_columns_a,
          glass_columns_c, st_stairs_3, uniq_maggie, uniq_psyche, uniq_erica
D:9:      minmay_the_grid_square_5x5_4x4
          [minmay_the_grid_square_5x5_checkered_statues,
          minmay_the_grid_square_5x5_percent,
          minmay_the_grid_square_5x5_bracketed,
          minmay_the_grid_square_5x5_intrusive_squares,
          minmay_the_grid_square_5x5_three_walls,
          minmay_the_grid_square_5x5_prize_pseudospiral,
          minmay_the_grid_square_5x5_prize_monsterx,
          minmay_the_grid_square_5x5_bridge, minmay_the_grid_square_5x5_seven,
          minmay_the_grid_square_5x5_prize_rear_guard,
          minmay_the_grid_square_5x5_prize_junk,
          minmay_the_grid_square_5x5_two_walls_a,
          minmay_the_grid_square_5x5_comb, minmay_the_grid_square_5x5_shuriken,
          minmay_the_grid_square_5x5_z, minmay_the_grid_square_5x5_spiral],
          layout_cave_pods, lair_entry_dummy, orc_david_3, serial_column_ruins,
          column_ruins_hut_pillars, column_ruins_open_tiny,
          column_ruins_open_tiny, column_ruins_columns_straight,
          column_ruins_columns_dead_end, column_ruins_open_tiny,
          column_ruins_open_small, column_ruins_corridor_straight, serial_shops,
          shop, minmay_strange_pillars, chequers_decorated_corner
D:10:     layout_roguey, lemuel_mausoleum_altar_yredelemnul,
          nicolae_vehumet_radiance
D:11:     layout_basic, bh_walls_and_bars
D:12:     layout_loops_cross, serial_shops, shop,
          nicolae_transporter_intersection
D:13:     layout_roguey, serial_shops, shop, shop, shop, nicolae_shop_crystal,
          shop, chequers_serial_rivers_large_b, uniq_nessos
D:14:     layout_gridville, david_vaults_1, reono_crystal_passage,
          corexii_corridor_pit
D:15:     grunt_enter_depths_hoard, layout_long_grid, gammafunk_ghost_spectres,
          chequers_big_river, minivault_12, uniq_roxanne
Temple:   nicolae_temple_bog_church
Lair:1:   beast_lair_carwin_large_3, layout_loops_ring
Lair:2:   nzn_winding_woodlands_medium [nzn_winding_woodlands_5x5_cross,
          nzn_winding_woodlands_5x15_river_crossing,
          nzn_winding_woodlands_5x5_three,
          nzn_winding_woodlands_5x5_checkerboard,
          nzn_winding_woodlands_center_garden,
          nzn_winding_woodlands_5x5_default, nzn_winding_woodlands_hourglass,
          nzn_winding_woodlands_5x15_jagged,
          nzn_winding_woodlands_5x5_perimeter], layout_cave_pods,
          dummy_snake_entry, beast_lair_carwin_2
Lair:3:   layout_long_grid, minmay_shoals_entry_beasts, grunt_megastairs_3
Lair:4:   layout_regular_city, basic_altar, cheibrodos_lair_lostbears
Lair:5:   hangedman_lair_in_review, layout_cave_pods,
          hangedman_lair_caniforms_friends, dpeg_slime_entry_enclosed
Snake:1:  layout_rooms, serial_bayou_shore_b, minmay_shoptagon, uniq_aizul,
          uniq_mlioglotl
Orc:1:    layout_diamond_mine, portal_ice_cave_entry_ice_simulacra
Orc:2:    grunt_orc_gardens, layout_caves, grunt_orc_garden, grunt_orc_garden,
          grunt_orc_garden, grunt_orc_garden, guppyfry_orc_lava_fort,
          uniq_josephine

Skill      XL: |  1  2  3  4  5  6  7  8  9 10 11 12 13 14 15 16 |
---------------+-------------------------------------------------+-----
Hexes          | 4 5 6 7 8 10 11 12 13 15 16 | 16.0
Fire Magic     | 1 2 3 |  3.0
Ranged Weapons | 3 4 6 8 10 11 12 14 15 16 | 16.6
Fighting       | 2 3 4 6 7 8 9 11 12 | 12.9
Spellcasting   | 2 3 4 5 |  5.0
Translocations | 1 3 4 5 6 7 |  7.3
Transmutations | 3 4 7 |  7.0
Shields        | 6 10 11 13 15 | 15.0
Invocations    | 4 6 8 9 |  9.0
Armour         | 3 |  3.9
Dodging        | |  1.7

Action                   |  1- 3 |  4- 6 |  7- 9 | 10-12 | 13-15 | 16-18 || total
-------------------------+-------+-------+-------+-------+-------+-------++-------
 Fire: Sling             |    93 |   169 |    70 |       |       |       ||   332
       Shortbow          |       |       |   195 |   635 |    87 |       ||   917
       Longbow           |       |       |       |       |   783 |   381 ||  1164
Throw: Dart              |     1 |     2 |     1 |    31 |     2 |       ||    37
       Throwing net      |       |       |       |     3 |     1 |       ||     4
 Cast: Slow              |     8 |     7 |     3 |    10 |       |     1 ||    29
       Inner Flame       |     2 |     6 |    35 |    73 |    33 |    11 ||   160
       Wereblood         |       |       |     2 |     3 |    14 |    12 ||    31
       Portal Projectile |       |       |     1 |     3 |    13 |    10 ||    27
       Cause Fear        |       |       |       |    11 |     3 |     6 ||    20
Invok: Shadow Form       |       |       |       |       |       |     1 ||     1
 Abil: Dig               |       |       |       |     2 |     2 |     6 ||    10
       Shaft Self        |       |       |       |       |     1 |       ||     1
Evoke: Wand              |       |       |     1 |     2 |     1 |     2 ||     6
  Use: Potion            |     2 |       |     2 |     2 |     2 |    11 ||    19
       Scroll            |       |       |    10 |     4 |    10 |     1 ||    25
Armor: Robe              |    11 |    31 |    35 |    59 |    99 |     8 ||   243
       Skin              |       |       |       |     7 |       |       ||     7
       Ice dragon scales |       |       |       |       |       |    97 ||    97
Dodge: Dodged            |    58 |    62 |    69 |   136 |   170 |   105 ||   600
Block: Kite shield       |       |       |       |   153 |   255 |   191 ||   599

Table legend: (Time is in decaauts)
 A = Elapsed time spent in this place.
 B = Non-inter-level travel time spent in this place.
 C = Inter-level travel time spent in this place.
 D = Time resting spent in this place.
 E = Time spent auto-exploring this place.
 F = Levels seen in this place.
 G = Mean time per level.
                   A        B        C        D        E       F      G
               +--------+--------+--------+--------+--------+-----+--------+
         Total |  29328 |  28071 |   1257 |   6120 |  17091 |  25 | 1173.1 |
       Dungeon |  17982 |  17206 |    776 |   4518 |   9783 |  15 | 1198.8 |
        Temple |    225 |    184 |     41 |      0 |    172 |   1 |  225.0 |
          Lair |   8357 |   8036 |    321 |   1119 |   5704 |   5 | 1671.4 |
     Snake Pit |    254 |    254 |      0 |      7 |     95 |   1 |  254.0 |
  Orcish Mines |   1940 |   1823 |    117 |    238 |   1187 |   2 |  970.0 |
      Ice Cave |    567 |    567 |      0 |    237 |    149 |   1 |  567.0 |
               +--------+--------+--------+--------+--------+-----+--------+

Top non-repeatable levels by time:
     D:9: 3947 daAuts
  Lair:2: 2513 daAuts
  Lair:5: 2326 daAuts
    D:12: 1872 daAuts
     D:4: 1460 daAuts
    D:13: 1324 daAuts
     D:5: 1312 daAuts
     D:8: 1297 daAuts
  Lair:4: 1258 daAuts
     D:1: 1184 daAuts
  Lair:1: 1130 daAuts
  Lair:3: 1128 daAuts
    D:10: 1105 daAuts
    D:11: 1091 daAuts
   Orc:2: 975 daAuts
